 Dungeon Crawl Stone Soup version 0.22-a0-525-gf69a080 (webtiles) character file.

1163 inc the Skirmisher (level 8, -1/80 HPs)
             Began as a Naga Warper on June 20, 2018.
             Was a Follower of Cheibriados.
             Slain by a jelly (3 damage)
             ... on level 6 of the Dungeon.
             The game lasted 00:13:08 (5665 turns).

inc the Skirmisher (Naga Warper)                    Turns: 5665, Time: 00:13:08

Health: -1/80      AC: -4    Str: 17    XL:     8   Next: 40%
Magic:  11/11      EV:  9    Int: 19    God:    Cheibriados [*.....]
Gold:   242        SH:  0    Dex: 13    Spells: 11/11 levels left

rFire    . . .     SeeInvis +   l - +0 whip (elec)
rCold    . . .     Gourm    .   (no shield)
rNeg     . . .     Faith    .   b - +0 leather armour
rPois    +         Spirit   .   p - +1 helmet
rElec    .         Reflect  .   (no cloak)
rCorr    .         Harm     .   E - +0 pair of gloves
MR       +....                  (no barding)
Stlth    ++........             (no amulet)
HPRegen  0.23/turn              G - ring of stealth
MPRegen  0.12/turn              (no ring)

@: short of breath, corroded, very slow
A: large, see invisible, deformed body, poison resistance, slowness 2, slow
metabolism 1, spit poison 1, AC +2
a: Spit Poison, Bend Time, Renounce Religion


You were on level 6 of the Dungeon.
You worshipped Cheibriados.
Cheibriados was aware of your devotion.
You were not hungry.

You visited 2 branches of the dungeon, and saw 7 of its levels.

You collected 242 gold pieces.

Inventory:

Hand Weapons
 a - a +0 mace
 l - a +0 whip of electrocution (weapon)
Missiles
 e - 5 tomahawks of dispersal (quivered)
 w - 5 tomahawks
Armour
 b - a +0 leather armour (worn)
 p - a +1 helmet (worn)
 r - a +0 scale mail
 t - a cursed +0 chain mail
 E - a +0 pair of gloves (worn)
Jewellery
 j - an uncursed ring of ice
 o - an uncursed ring of teleportation
 C - an uncursed amulet of faith
 G - a ring of stealth (left hand)
Wands
 m - a wand of flame (24)
 q - a wand of iceblast (11)
 s - a wand of digging (6)
 v - a wand of acid (12)
 y - a wand of polymorph (20)
 B - a wand of clouds (2)
Scrolls
 c - a scroll of enchant weapon {unknown}
 d - 4 scrolls of blinking
 g - 8 scrolls of identify
 h - a scroll of enchant armour
 k - 4 scrolls of teleportation
 F - 2 scrolls of remove curse
 H - a scroll of magic mapping {unknown}
 I - a scroll of fog {unknown}
Potions
 i - a potion of brilliance {unknown}
 n - 2 potions of magic
 u - a potion of agility {unknown}
 x - a potion of might {unknown}
 z - a potion of lignification {unknown}
 A - 2 potions of degeneration {unknown}
 D - a potion of mutation {unknown}
Comestibles
 f - 11 rations


   Skills:
 + Level 7.4 Fighting
 - Level 6.8 Maces & Flails
 - Level 0.8 Throwing
 - Level 0.7 Armour
 - Level 1.5 Dodging
 - Level 2.0 Spellcasting
   Level 3.0 Translocations


You had 11 spell levels left.
You didn't know any spells.
Your spell library contained the following spells:

 Spells                   Type           Power        Failure   Level  Hunger
 Teleport Other           Tloc           ##......     17%         3    ###....
 Blink                    Tloc           N/A          9%          2    ###....
 Spider Form              Tmut/Pois      #.........   52%         3    ###....
 Blade Hands              Tmut           #.........   99%         5    ######.
 Ice Form                 Ice/Tmut       #.......     89%         4    #####..
 Sticks to Snakes         Tmut           #.......     30%         2    ###....
 Passage of Golubria      Tloc           N/A          50%         4    #####..
 Shroud of Golubria       Chrm/Tloc      #.........   16%         2    ###....
 Beastly Appendage        Tmut           #.....       21%         1    #......
 Gell's Gravitas          Tloc           ##........   17%         3    ###....
 Lesser Beckoning         Tloc           ##........   17%         3    ###....


Dungeon Overview and Level Annotations

Branches:
Dungeon (6/15)             Temple (1/1) D:4

Altars:
Ashenzari
Cheibriados
Dithmenos
Fedhas
Gozag
Hepliaklqana
Makhleb
Nemelex Xobeh
Qazlal
Trog
Uskayaw
Vehumet
Zin
The Shining One

Annotations:
D:3 Sigmund
D:6 3 runed doors


Innate Abilities, Weirdness & Mutations

You cannot wear boots.
Your serpentine skin is tough. (AC +2)
You have supernaturally acute eyesight. (SInv)
Armour fits poorly on your strangely shaped body.
Your system is resistant to poisons. (rPois)
You cover ground very slowly.
You have a slow metabolism.
You can spit poison.


Message History

* * * LOW HITPOINT WARNING * * *
The jelly is severely wounded.
The jelly closely misses you.
Unknown command.
You hit the jelly but do no damage.
Your hands burn!
* * * LOW HITPOINT WARNING * * *
The jelly is severely wounded.
The jelly closely misses you.
Unknown command.
You hit the jelly but do no damage.
Your hands burn!
* * * LOW HITPOINT WARNING * * *
The jelly is severely wounded.
You have got your breath back.
Unknown command.
Press: ? - help, Shift-Dir - straight line, f/p - jelly
Aim: a jelly (severely wounded)
The splash of poison hits the jelly.
The jelly is almost dead.
You feel slightly more hungry. The jelly hits you.
You die...

#......# ....##.. #......#
#####... #......# .......
#......# ...#... #......#
.####.. #......##### #.##.
#.......... #.###
#####...##############.##.
.......oJ@................
#####..(##############.#..
#..)# #.#.. #.... #.#..
#..... #.#.# #...... #.#..
#....... #.#.# #........
#.#.# #......... #..


You could see a jelly and an orc.

Vanquished Creatures
  2 orc warriors (D:6)
  An ice beast (D:5)
  A phantom (D:4)
  An ogre (D:4)
  2 scorpions
  A hound (D:5)
  6 orc wizards
  An orc priest (D:6)
  Ijyb (D:2)
  4 iguanas
  3 worker ants (D:5)
  A killer bee zombie (D:5)
  Robin (D:2)
  5 adders
  An ooze (D:1)
  2 worms
  3 dart slugs
  3 leopard geckos
  7 orcs
  A ball python (D:4)
  5 bats
  3 giant cockroaches
  6 hobgoblins
  6 jackals
  A quokka (D:3)
  4 frilled lizards
  26 goblins
  5 kobolds
  A leopard gecko skeleton (D:4)
  A quokka skeleton (D:5)
  6 rats
111 creatures vanquished.

Notes
Turn   | Place    | Note
-------+----------+-------------------------------------------
     0 | D:1      | inc the Naga Warper began the quest for the Orb.
     0 | D:1      | Reached XP level 1. HP: 19/19 MP: 3/3
   546 | D:1      | Reached XP level 2. HP: 26/26 MP: 5/5
   612 | D:1      | HP: 1/26 [frilled lizard (1)]
   996 | D:1      | Reached XP level 3. HP: 26/32 MP: 6/6
  1523 | D:2      | Noticed Robin
  1534 | D:2      | Killed Robin
  1534 | D:2      | Reached XP level 4. HP: 29/39 MP: 7/7
  1922 | D:2      | Noticed Ijyb
  1946 | D:2      | Killed Ijyb
  1954 | D:2      | Reached skill level 5 in Maces & Flails
  2287 | D:2      | Reached XP level 5. HP: 43/45 MP: 8/8
  2924 | D:3      | Noticed Sigmund
  3242 | D:4      | Noticed an ogre
  3256 | D:4      | Killed an ogre
  3256 | D:4      | Reached XP level 6. HP: 52/52 MP: 9/9
  3313 | D:4      | Found a glowing golden altar of the Shining One.
  3339 | D:4      | Noticed a phantom
  3364 | D:4      | Killed a phantom
  3581 | D:4      | Found a staircase to the Ecumenical Temple.
  3593 | Temple   | Entered the Ecumenical Temple
  3778 | Temple   | Became a worshipper of Cheibriados the Contemplative
  4211 | D:4      | Reached skill level 3 in Fighting
  4211 | D:4      | Reached XP level 7. HP: 32/62 MP: 10/10
  4499 | D:5      | Entered Level 5 of the Dungeon
  4630 | D:5      | Reached skill level 4 in Fighting
  4801 | D:5      | Reached * piety under Cheibriados
  4801 | D:5      | Reached skill level 5 in Fighting
  5369 | D:6      | Reached skill level 6 in Fighting
  5369 | D:6      | Reached XP level 8. HP: 58/76 MP: 11/11
  5399 | D:6      | Found a runed gate.
  5399 | D:6      | Found a glowing silver altar of Zin.
  5583 | D:6      | Found a runed gate.
  5584 | D:6      | Found a runed gate.
  5630 | D:6      | Reached skill level 7 in Fighting
  5663 | D:6      | HP: 4/80 [acid (2)]
  5665 | D:6      | Slain by a jelly

Vault maps used:
D:1:      dpeg_arrival_three_smaller_balls, minmay_misc_feat_doors
D:2:      kennysheep_the_goblin_king, uniq_robin
D:3:      grunt_decor_clamped, uniq_sigmund
D:4:      lemuel_doored_altar, minmay_temple_entry_purple_smoke
D:5:      first_ration
D:6:      lemuel_round_altar, nicolae_overflow_hidden_temple,
          gammafunk_ghost_necromancy, minivault_5
Temple:   minmay_temple_bridge_abc

Skill      XL: |  1  2  3  4  5  6  7  8 |
---------------+-------------------------+-----
Maces & Flails | 3 4 5 6 |  6.8
Fighting       | 3 6 7 |  7.4
Throwing       | |  0.8
Armour         | |  0.7
Dodging        | |  1.5
Spellcasting   | |  2.0
Translocations | |  3.0

Action                   |  1- 3 |  4- 6 |  7- 9 || total
-------------------------+-------+-------+-------++-------
Melee: Mace              |    43 |       |       ||    43
       Whip              |    29 |   184 |   118 ||   331
 Abil: Spit Poison       |    17 |    21 |    26 ||    64
  Use: Scroll            |       |     6 |       ||     6
  Eat: Chunk             |     2 |     8 |     5 ||    15
Armor: Leather armour    |    26 |    14 |     7 ||    47
       Scale mail        |       |    55 |    63 ||   118
Dodge: Dodged            |    43 |    58 |    50 ||   151

Table legend:
 A = Spawn XP
 B = Non-spawn XP
 C = Spawn XP percentage of total XP
 D = Spawn monster count
 E = Non-spawn monster count
 F = Spawn count percentage of total count
 G = Total turns spent on level
                    A         B        C        D         E        F      G
               +---------+---------+-------+---------+---------+-------+---------
         Total |       0 |    1662 |   0.0 |       0 |     111 |   0.0 |  5665
               +---------+---------+-------+---------+---------+-------+---------
           D:1 |       0 |      50 |   0.0 |       0 |      25 |   0.0 |  1485
           D:2 |       0 |     123 |   0.0 |       0 |      32 |   0.0 |  1192
           D:3 |       0 |      24 |   0.0 |       0 |      11 |   0.0 |   475
           D:4 |       0 |     455 |   0.0 |       0 |      13 |   0.0 |  1141
           D:5 |       0 |     528 |   0.0 |       0 |      15 |   0.0 |   851
           D:6 |       0 |     482 |   0.0 |       0 |      15 |   0.0 |   315
               +---------+---------+-------+---------+---------+-------+---------
